 Dungeon Crawl Stone Soup version 0.15.1-1-gfacfea3 (webtiles) character file.

5767 Johnny the Fighter (level 11, -7/133 HPs)
             Began as a Human Berserker on Sept 25, 2014.
             Was a High Priest of Trog.
             Mangled by a spiny frog (10 damage)
             ... on Level 1 of the Lair of Beasts.
             The game lasted 00:17:33 (8092 turns).

Johnny the Fighter (Human Berserker)                Turns: 8092, Time: 00:17:34

HP  -7/133       AC 17     Str 24      XL: 11   Next:  6%
MP   6/6         EV  8     Int  7      God: Trog [*****.]
Gold 427         SH  0     Dex 17      Spells:  0 memorised, 10 levels left

rFire  . . .     SeeInvis .     N - +2 bastard sword (antimagic)
rCold  . . .     Clarity  .     r - +1 storm dragon armour
rNeg   . . .     rCorr    .     (no shield)
rPois  .         rRot     .     (no helmet)
rElec  +         Spirit   .     J - +0 cloak
SustAb .         Warding  .     C - +0 pair of gloves
rMut   .         Stasis   .     a - +0 pair of boots
Gourm  .                        (no amulet)
MR     ++...                    u - +1 ring of strength
                                A - +1 ring of strength

@: berserking (expiring), lethally poisoned, regenerating, very quick, very
resistant to hostile enchantments, extremely unstealthy
A: no striking features
a: Burn Spellbooks, Berserk, Trog's Hand, Brothers in Arms, Renounce Religion


You were on level 1 of the Lair of Beasts.
You worshipped Trog.
Trog was extremely pleased with you.
You were hungry.

You visited 2 branches of the dungeon, and saw 11 of its levels.

You collected 427 gold pieces.

Inventory:

Hand weapons
 k - a +0 scimitar
 t - a +0 long sword
 I - a +5 great sword of electrocution
 N - a +2 antimagic bastard sword (weapon)
Armour
 a - a +0 pair of boots (worn)
 p - a +0 ring mail of poison resistance
 r - a +1 storm dragon armour (worn)
 C - a +0 pair of gloves (worn)
 J - a +0 cloak (worn)
Magical devices
 x - a wand of lightning (5)
 z - a wand of polymorph (3)
Comestibles
 c - 12 bread rations
 i - 4 meat rations
 O - a chunk of iguana flesh
 P - a beef jerky
Scrolls
 f - 6 scrolls of recharging
 h - 6 scrolls of remove curse
 j - 2 scrolls of teleportation
 n - 2 scrolls of amnesia {unknown}
 o - 2 scrolls of random uselessness {unknown}
 q - a scroll of blinking {unknown}
 y - 2 scrolls of fog
 E - a scroll of enchant weapon {unknown}
 K - a scroll of enchant armour
 L - a scroll of fear {unknown}
 Q - a scroll of brand weapon {unknown}
Jewellery
 e - a +4 ring of intelligence
 u - a +1 ring of strength (right hand)
 A - a +1 ring of strength (left hand)
 M - a +4 ring of slaying {unknown}
Potions
 b - 3 potions of restore abilities {unknown}
 d - 3 potions of curing
 g - 3 potions of might {unknown}
 l - 2 potions of berserk rage {unknown}
 m - 2 potions of invisibility {unknown}
 s - 3 potions of cancellation {unknown}
 v - 2 potions of lignification {unknown}
 w - 3 potions of heal wounds {unknown}
 B - a potion of haste {unknown}
 D - a potion of agility {unknown}
 F - a potion of poison {unknown}
 G - a potion of flight {unknown}
 H - a potion of resistance {unknown}


   Skills:
 * Level 9.5 Fighting
 * Level 9.3 Long Blades
 + Level 6.5 Armour
 + Level 6.1 Dodging
 + Level 4.7 Evocations


You had 10 spell levels left.
You didn't know any spells.

Dungeon Overview and Level Annotations

Branches:
Dungeon (10/15)            Temple (0/1) D:5            Lair (1/8) D:9
    Orc: D:9-12

Altars:
Ashenzari
Cheibriados
Dithmenos
Elyvilon
Fedhas
Kikubaaqudgha
Nemelex Xobeh
Okawaru
Trog
Zin
The Shining One


Message History

You feel sick.
The spiny frog stings you but does no damage.
You closely miss the spiny frog.
The spiny frog is heavily wounded.
You feel sick.
The spiny frog stings you but does no damage.
You hit the spiny frog.
The spiny frog is heavily wounded.
You feel sick.
You slash the spiny frog!
The spiny frog is almost dead.
You feel sick. The spiny frog stings you.
* * * LOW HITPOINT WARNING * * *
You are lethally poisoned!
The spiny frog poisons you!
Your storm dragon armour prevents you from hitting the spiny frog.
The spiny frog is almost dead.
* * * LOW HITPOINT WARNING * * *
You feel sick. The spiny frog stings you!
You die...

.....# ........#......## .......
......P####....#.## ........
?...## #........ ........ ....P
##......# .#...... . ....##
#........ ........... #...P##
#.......# ...........
#.....####........ ...........#
#F.....##.....##..
............####@..........(#####
............##.#...#.......## #
.............#....##..>.....# #
........##........##..<.....#
........#.............####..#
..........###........# ##..#
..........###.......#.# #..#
...........##....P...# #..###
.................##..# ##.....


You could see a spiny frog.

Vanquished Creatures
  Maurice (D:9)
  A komodo dragon (Lair:1)
  A merfolk (D:9)
  A basilisk (Lair:1)
  A hippogriff (D:8)
  2 water moccasins (D:8)
  4 orc warriors
  6 porcupines (D:9)
  A black bear (D:9)
  3 ice beasts
  3 ogres
  2 sky beasts
  A centaur (D:8)
  3 crocodiles
  7 giant frogs
  Blork the orc (D:7)
  2 scorpions
  A troll skeleton (D:8)
  3 killer bees (D:7)
  3 crimson imps
  A gnoll shaman (D:5)
  3 orc priests
  11 orc wizards
  4 iguanas
  3 hounds
  5 sheep (D:9)
  7 worker ants
  A worker ant zombie (D:8)
  4 gnolls (D:5)
  29 green rats
  8 adders
  2 shadow imps
  A giant mite (D:5)
  3 worms (D:2)
  A goliath beetle zombie (D:7)
  4 giant geckos
  27 orcs
  2 ball pythons (D:1)
  A bat zombie (D:7)
  7 giant cockroaches
  16 hobgoblins
  An ooze (D:4)
  9 quokkas
  21 bats
  2 giant gecko skeletons
  2 giant newts
  16 goblins
  A hobgoblin skeleton (D:6)
  8 kobolds
  2 orc zombies
  12 rats
261 creatures vanquished.

Notes
Turn   | Place    | Note
--------------------------------------------------------------
     0 | D:1      | Johnny, the Human Berserker, began the quest for the Orb.
     0 | D:1      | Reached XP level 1. HP: 18/18 MP: 1/1
   229 | D:1      | Reached XP level 2. HP: 24/24 MP: 2/2
   532 | D:1      | Acquired Trog's second power
   723 | D:1      | Reached XP level 3. HP: 29/29 MP: 3/3
  1242 | D:2      | Reached XP level 4. HP: 23/37 MP: 4/4
  1426 | D:2      | Found a bloodstained altar of Trog.
  1431 | D:2      | Found an iron altar of Okawaru.
  1671 | D:2      | Reached skill level 4 in Fighting
  1675 | D:2      | Reached XP level 5. HP: 29/42 MP: 5/5
  1853 | D:2      | Found a glowing golden altar of the Shining One.
  2206 | D:3      | Found an ancient bone altar of Kikubaaqudgha.
  2267 | D:3      | Reached XP level 6. HP: 46/49 MP: 6/6
  3484 | D:5      | Entered Level 5 of the Dungeon
  3546 | D:5      | Noticed a sky beast
  3563 | D:5      | Killed a sky beast
  3563 | D:5      | Reached skill level 5 in Fighting
  3563 | D:5      | Reached skill level 5 in Long Blades
  3563 | D:5      | Reached XP level 7. HP: 43/56 MP: 7/7
  3589 | D:5      | Found a staircase to the Ecumenical Temple.
  3596 | D:5      | Acquired Trog's third power
  4328 | D:6      | Reached XP level 8. HP: 60/64 MP: 8/8
  4381 | D:6      | Reached skill level 6 in Fighting
  4394 | D:6      | Found a sparkling altar of Nemelex Xobeh.
  4460 | D:6      | Found a shadowy altar of Dithmenos.
  5278 | D:7      | Noticed Blork the orc
  5294 | D:7      | Reached XP level 9. HP: 71/71 MP: 9/9
  5316 | D:7      | Killed Blork the orc
  5316 | D:7      | Reached skill level 7 in Long Blades
  5405 | D:7      | Found a snail-covered altar of Cheibriados.
  5724 | D:7      | Found a glowing silver altar of Zin.
  5724 | D:7      | Found a white marble altar of Elyvilon.
  6057 | D:7      | Found a shattered altar of Ashenzari.
  6284 | D:8      | Reached skill level 1 in Evocations
  6485 | D:8      | Reached skill level 5 in Armour
  6670 | D:8      | Found a blossoming altar of Fedhas.
  6817 | D:8      | Reached skill level 8 in Long Blades
  6974 | D:9      | Reached XP level 10. HP: 42/80 MP: 15/15
  7050 | D:9      | Reached skill level 5 in Dodging
  7146 | D:9      | Received a gift from Trog
  7204 | D:9      | Found a staircase to the Lair.
  7277 | D:9      | Noticed Maurice
  7410 | D:10     | Entered Level 10 of the Dungeon
  7427 | D:9      | Killed Maurice
  7427 | D:9      | Reached skill level 9 in Long Blades
  7657 | D:9      | Noticed a merfolk
  7672 | D:9      | Killed a merfolk
  7767 | Lair:1   | Entered Level 1 of the Lair of Beasts
  7962 | Lair:1   | Received a gift from Trog
  8025 | Lair:1   | Reached XP level 11. HP: 69/89 MP: 6/18
  8079 | Lair:1   | Noticed a spiny frog
  8091 | Lair:1   | HP: 4/133 [spiny frog (6)]
  8092 | Lair:1   | Mangled by a spiny frog

Action                   |  1- 3 |  4- 6 |  7- 9 | 10-12 || total
-------------------------+-------+-------+-------+-------++-------
Melee: Falchion          |   133 |   197 |       |       ||   330
       Long sword        |       |   103 |   262 |       ||   365
       Scimitar          |       |       |   178 |    93 ||   271
       Great sword       |       |       |       |   125 ||   125
       Bastard sword     |       |       |       |    30 ||    30
Invok: Berserk           |     1 |     2 |     9 |     5 ||    17
       Trog's Hand       |       |     3 |     7 |     6 ||    16
       Burn Spellbooks   |       |     1 |       |     1 ||     2
       Brothers in Arms  |       |       |     1 |       ||     1
Evoke: Wand              |       |       |     2 |       ||     2
  Use: Scroll            |       |       |     7 |       ||     7
  Eat: Royal jelly       |     1 |       |       |       ||     1
       Bread ration      |       |     1 |       |       ||     1
       Chunk             |       |     3 |     7 |     1 ||    11
       Pizza             |       |     1 |     2 |       ||     3
       Beef jerky        |       |     1 |       |       ||     1
       Meat ration       |       |       |     3 |     1 ||     4
